 Dungeon Crawl Stone Soup version 0.22.1-1-ga44c0e56f4 (webtiles) character file.

99 Alido the Insei (level 4, -4/35 HPs)
             Began as a Demigod Transmuter on Oct 16, 2018.
             Slain by an orc
             ... wielding a +0 war axe
              (8 damage)
             ... on level 3 of the Dungeon.
             The game lasted 00:27:32 (3666 turns).

Alido the Insei (Demigod Transmuter)                Turns: 3666, Time: 00:27:33

Health: -4/35      AC:  5    Str: 15    XL:     4   Next: 22%
Magic:  8/10       EV:  2    Int: 17    God:
Gold:   88         SH:  0    Dex: -3 (16) Spells: 2/8 levels left

rFire    . . .     SeeInvis +     - Unarmed
rCold    + . .     Gourm    .   (no shield)
rNeg     . . .     Faith    .   b - +0 robe
rPois    .         Spirit   .   (no helmet)
rElec    .         Reflect  .   (no cloak)
rCorr    .         Harm     .   (no gloves)
MR       .....                  s - +2 pair of boots
Stlth    ..........             (no amulet)
HPRegen  0.11/turn              c - ring of protection from cold
MPRegen  0.12/turn              x - ring of see invisible

@: appendage (expiring), flying, slowed, lost dexterity, very slow
A: horns 2, high mp 1
a: End Transformation


You were on level 3 of the Dungeon.
You were hungry.
You had grown temporary horns.
You visited 1 branch of the dungeon, and saw 3 of its levels.

You collected 88 gold pieces.

Inventory:

Hand Weapons
 g - a +0 dagger
 y - a +0 quarterstaff
Missiles
 a - 20 arrows
 j - 14 bolts
Armour
 b - a +0 robe (worn)
 s - a +2 pair of boots (worn)
Jewellery
 c - a ring of protection from cold (left hand)
 w - an uncursed amulet of faith
 x - a ring of see invisible (right hand)
Wands
 v - a wand of polymorph (7)
Scrolls
 e - a scroll of identify
 f - a scroll of blinking
 i - 3 scrolls of teleportation {unknown}
 k - 3 scrolls of magic mapping {unknown}
 o - 2 scrolls of fear {unknown}
 p - 2 scrolls of noise {unknown}
 u - 2 scrolls of remove curse {unknown}
Potions
 l - a potion of invisibility {unknown}
 m - a potion of curing {unknown}
 n - a potion of degeneration {unknown}
 q - a potion of brilliance {unknown}
 r - a potion of resistance {unknown}
Comestibles
 d - 4 rations


   Skills:
 + Level 1.1 Fighting
 + Level 2.4 Dodging
 + Level 0.1 Stealth
 + Level 3.3 Unarmed Combat
 + Level 2.6 Spellcasting
 + Level 2.4 Transmutations


You had 2 spell levels left.
You knew the following spells:

 Your Spells              Type           Power        Failure   Level  Hunger
a - Beastly Appendage     Tmut           ##....       7%          1    #......
b - Sticks to Snakes      Tmut           ##......     10%         2    ##.....
c - Spider Form           Tmut/Pois      #.........   32%         3    ###....

Your spell library contained the following spells:

 Spells                   Type           Power        Failure   Level  Hunger
 Ice Form                 Ice/Tmut       #.......     73%         4    #####..
 Blade Hands              Tmut           ##........   88%         5    ######.


Dungeon Overview and Level Annotations

Branches:
Dungeon (3/15)

Annotations:
D:3 Venard's ghost, amateur MfSk


Innate Abilities, Weirdness & Mutations

You have an increased reservoir of magic. (+10% MP)
You have a pair of horns on your head.


Message History

The white imp is almost dead.
Your adder closely misses the white imp.
The white imp hits you. The white imp freezes you. You resist.
The orc hits you with a war axe.
* * * LOW HITPOINT WARNING * * *
The orc hits your adder with a war axe.
Your adder barely misses the white imp.
Casting: Beastly Appendage (safe; 7% risk of failure)
Confirm with . or Enter, or press ? or * to list all spells.
Okay, then.
Evoke which item? (* to show all) (? for menu, Esc to quit)
Okay, then.
It was a potion of flight.
You feel very buoyant.
You fly up into the air.
The white imp hits you.
* * * LOW HITPOINT WARNING * * *
The white imp freezes you. You resist.
* * * LOW HITPOINT WARNING * * *
Your adder bites the white imp but does no damage.
The orc hits you with a war axe!
You die...

####.##
#......####.####.##.###.#
####.#
#.......................# ..
#.# ##......###.####.######.#
.♣# #......# #.# #)# #.# ..#
#......###.####.# #.# .♣
+#####...............######.#
####.....
#'#........###(.......#
..........+....o...>.#
########.#
..........#...S5@....# #.#
.....................# #.#
...########..........# #.#
...# ###..........# #.. ...#
#............# #.# ...#
#.†..........# #.# ...#
#..(....###..# #.# ...#
###)###.## ..# #.#
.##########.###..##..# #.#


You could see a white imp, an orc and a friendly adder.

Vanquished Creatures
  A crimson imp (D:2)
  An adder (D:3)
  An ooze (D:3)
  2 dart slugs
  An orc (D:2)
  3 bats (D:1)
  3 giant cockroaches
  10 goblins
  7 hobgoblins
  4 jackals (D:3)
  A quokka (D:2)
  2 frilled lizards (D:2)
  6 kobolds
  3 rats
45 creatures vanquished.

Vanquished Creatures (collateral kills)
  A leopard gecko (D:3)
  2 giant cockroaches (D:2)
3 creatures vanquished.

Grand Total: 48 creatures vanquished

Notes
Turn   | Place    | Note
-------+----------+-------------------------------------------
     0 | D:1      | Alido the Demigod Transmuter began the quest for the Orb.
     0 | D:1      | Reached XP level 1. HP: 15/15 MP: 5/5
   483 | D:1      | Reached skill level 3 in Unarmed Combat
   507 | D:1      | Reached XP level 2. HP: 17/22 MP: 5/7
  1127 | D:1      | Learned a level 2 spell: Sticks to Snakes
  1599 | D:2      | Reached XP level 3. HP: 27/27 MP: 7/9
  1945 | D:2      | Learned a level 3 spell: Spider Form
  2109 | D:2      | Found a deep blue altar of Sif Muna.
  2584 | D:3      | Found a hide-covered altar of Uskayaw.
  2587 | D:3      | Found a shimmering altar of Xom.
  2590 | D:3      | Found a sparkling altar of Nemelex Xobeh.
  2593 | D:3      | Found a hazy altar of Hepliaklqana.
  2981 | D:3      | Found a transporter.
  2988 | D:3      | Noticed Venard's ghost (amateur MfSk)
  3008 | D:3      | Found a glowing golden altar of the Shining One.
  3047 | D:3      | Found a transporter.
  3255 | D:2      | Lost dexterity.
  3304 | D:2      | Reached skill level 1 in Fighting
  3304 | D:2      | Reached XP level 4. HP: 11/35 MP: 5/10
  3666 | D:3      | Slain by an orc

Skill      XL: |  1  2  3 |
---------------+----------+-----
Spellcasting   | 2 |  2.6
Unarmed Combat | 3 |  3.3
Dodging        | 2 |  2.4
Transmutations | 2 |  2.4
Fighting       | 1 |  1.1
Stealth        | |  0.1

Action                   |  1- 3 |  4- 6 || total
-------------------------+-------+-------++-------
Melee: Unarmed           |   132 |    21 ||   153
       Headbutt          |    15 |       ||    15
       Kick              |     6 |       ||     6
 Cast: Beastly Appendage |    31 |     4 ||    35
       Sticks to Snakes  |    13 |     2 ||    15
       Spider Form       |     1 |       ||     1
Evoke: Wand              |     1 |     1 ||     2
  Use: Scroll            |     4 |       ||     4
       Potion            |     3 |     1 ||     4
 Stab: Sleeping          |     2 |       ||     2
  Eat: Ration            |     3 |       ||     3
Armor: Robe              |   179 |    42 ||   221
Dodge: Dodged            |   239 |     5 ||   244
